 Dungeon Crawl Stone Soup version 0.30.1-9-gdf580d7c3d (webtiles) character file.

Game seed: 2084658819747769588

56 Ivernyr the Ducker (level 3, -3/18 HPs)
             Began as a Spriggan Gladiator on Sept 24, 2023.
             Slain by a gnoll
             ... wielding a +0 spear
              (6 damage)
             ... on level 3 of the Dungeon.
             The game lasted 00:04:35 (1527 turns).

Ivernyr the Ducker (Spriggan Gladiator)             Turns: 1527, Time: 00:04:35

Health: -3/18      AC:  2    Str: 10    XL:     3   Next: 69%
Magic:  4/4        EV: 19    Int:  9    God:
Gold:   130        SH:  0    Dex: 18    Spells: 2/2 levels left

rFire   . . .        a - +0 long sword
rCold   + . .        (no shield)
rNeg    + . .        b - +0 robe
rPois   .            c - +0 hat
rElec   .            (no cloak)
rCorr   .            (gloves unavailable)
SInv    +            (boots unavailable)
Will    .....        (no amulet)
Stlth   ++           g - ring of protection from cold
HPRegen 0.23/turn    h - ring of positive energy
MPRegen 0.09/turn

%: no passive effects
@: very quick
A: very small, no large weapons, unfitting armour, see invisible, speed 3
a: no special abilities


You were on level 3 of the Dungeon.
You visited 1 branch of the dungeon, and saw 3 of its levels.

You collected 130 gold pieces.

Inventory:

Hand Weapons
 a - a +0 long sword (weapon)
Missiles
 d - 3 throwing nets (quivered)
 e - 2 boomerangs
Armour
 b - a +0 robe (worn)
 c - a +0 hat (worn)
Jewellery
 g - a ring of protection from cold (left hand)
 h - a ring of positive energy (right hand)
Scrolls
 k - 6 scrolls of teleportation {unknown}
 l - a scroll of identify {unknown}
 m - a scroll of enchant armour {unknown}
 o - a scroll of poison {unknown}
Potions
 f - 2 potions of invisibility {unknown}
 i - a potion of brilliance {unknown}
 j - 5 potions of heal wounds {unknown}
 n - a potion of attraction {unknown}
 p - 2 potions of degeneration {unknown}


   Skills:
 + Level 2.1 Fighting
 * Level 3.0 Long Blades
 - Level 2.0 Throwing
 + Level 0.9 Armour
 + Level 4.5 Dodging


You had 2 spell levels left.
You didn't know any spells.
Your spell library contained the following spells:

 Spells                   Type           Power      Damage    Failure   Level
 Kiss of Death            Conj/Necr      0%         2d5       38%         1
 Confusing Touch          Hex            0%         N/A       77%         3
 Dispel Undead            Necr           0%         3d6       99%         4


Dungeon Overview and Level Annotations

Branches:
Dungeon (3/15)

Altars:
Trog
The Shining One

Annotations:
D:3 3 runed translucent doors, NullDivider's ghost, amateur OpVM


Innate Abilities, Weirdness & Mutations

You are very small and have problems with some larger weapons.
You are too small for most types of armour.
You have supernaturally acute eyesight. (SInv)
You cover ground extremely quickly. (Speed+++)


Message History

You hit the goblin.
The goblin is moderately wounded.
The goblin completely misses you.
You hit the goblin.
You kill the goblin!
You slash the ball python!
You kill the ball python!
Things that are here:
a +0 dagger; a ball python corpse; a goblin corpse You now have 117 gold pieces (gained 10).
You now have 130 gold pieces (gained 13).
Things that are here:
a +0 dagger; a ball python corpse; a goblin corpse
There is a stone staircase leading up here.
Found a stone staircase leading down.
There is a stone staircase leading down here.
A gnoll comes into view. It is wielding a +0 club.
The gnoll shouts!
A gnoll is nearby!
A gnoll comes into view. It is wielding a +0 halberd.
A frilled lizard comes into view.
The gnoll shouts!
You hear a shout!
A gnoll comes into view. It is wielding a +0 spear.
You enter the shallow water.
Moving in this stuff is going to be slow.
The frilled lizard hisses angrily.
The gnoll misses you. The gnoll hits you with a +0 club.
The gnoll barely misses you. The gnoll completely misses you.
You barely miss the gnoll. The gnoll completely misses you.
The gnoll hits you with a +0 club.
You hit the gnoll but do no damage.
The gnoll hits you from afar with a +0 halberd!
* * * LOW HITPOINT WARNING * * *
The frilled lizard completely misses you.
The gnoll splashes around in the water.
The gnoll barely misses you.
The frilled lizard completely misses you.
You barely miss the gnoll. The gnoll closely misses you.
The gnoll hits you from afar with a +0 spear.
You die...

~..~≈~# ###.~≈...###
♣.≈~≈~..♣~.#
~..~..~~...##
..≈~♣~~.♣~.. ##.≈.~.gg.#
≈~~~~~~~lg# ########
......~~~@# #......#
##.#......# #.####.##
#......### ###.##.....
######.## #.......>##
#...# #.#.##...# #...#
#.#......#
#...#######.##....##
#....>....#.##....###
#####...#####.#.#.....##.


You could see 3 gnolls and a frilled lizard.

Vanquished Creatures
  A worm (D:3)
  A dart slug (D:2)
  5 ball pythons
  2 endoplasms
  2 giant cockroaches
  5 goblins
  7 hobgoblins
  5 kobolds
  4 quokkas
  6 bats
  4 frilled lizards
  5 rats
47 creatures vanquished.

Vanquished Creatures (others)
  A wizard (D:3)
1 creature vanquished.

Grand Total: 48 creatures vanquished

Notes
Turn   | Place    | Note
-------+----------+-------------------------------------------
     0 | D:1      | Ivernyr the Spriggan Gladiator began the quest for the Orb.
     0 | D:1      | Reached XP level 1. HP: 10/10 MP: 2/2
   158 | D:1      | Reached XP level 2. HP: 15/15 MP: 3/3
   615 | D:2      | Found a glowing golden altar of the Shining One.
   691 | D:2      | Reached XP level 3. HP: 16/18 MP: 4/4
   952 | D:2      | Identified the +3 ring mail of Hepliaklqana's Whim {rElec
                  | Regen+}
  1178 | D:3      | Found a runed translucent gate.
  1178 | D:3      | Found a runed translucent gate.
  1178 | D:3      | Found a runed translucent gate.
  1178 | D:3      | Noticed NullDivider's ghost (amateur OpVM)
  1179 | D:3      | Noticed a kobold brigand
  1208 | D:3      | Found a bloodstained altar of Trog.
  1210 | D:3      | Noticed a wizard
  1216 | D:3      | Killed a wizard
  1527 | D:3      | Slain by a gnoll

Illustrated notes

Levels and vault maps discovered:
D:1:      saegor_arrival_simple_e, layout_basic, hangedman_decor_riveting,
          serial_bayou_pond_d, st_stairs_14
D:2:      layout_rooms, basic_altar, kennysheep_minor_cross
D:3:      layout_loops_cross, trog_wizard, gammafunk_ghost_nasty_kobolds,
          chequers_serial_rivers_marsh

Skill      XL: |  1  2  3 |
---------------+----------+-----
Fighting       | 2 |  2.1
Long Blades    | 3 |  3.0
Throwing       | |  2.0
Armour         | |  0.9
Dodging        | |  4.5

Action                     || total
---------------------------++-------
  Melee: Long sword        ||   141
         Punch             ||     2
   Stab: Sleeping          ||     2
 Armour: Robe              ||    13
  Dodge: Dodged            ||   153
